 Dungeon Crawl Stone Soup version 0.28.0-1-gb440e238dd (webtiles) character file.

Game seed: 7730124353059345560

141 mcbry74 the Poker (level 5, 0/38 HPs)
             Began as a Merfolk Gladiator on Feb 27, 2022.
             Slain by Menkaure (18 damage)
             ... on level 4 of the Dungeon.
             The game lasted 00:11:03 (3402 turns).

mcbry74 the Poker (Merfolk Gladiator)               Turns: 3402, Time: 00:11:03

Health: 0/38       AC:  4    Str: 14    XL:     5   Next: 24%
Magic:  5/5        EV: 13    Int: 16    God:
Gold:   83         SH:  0    Dex: 15    Spells: 4/4 levels left

rFire   . . .      SeeInvis .   a - +0 trident
rCold   . . .      Faith    .   (no shield)
rNeg    . . .      Spirit   .   h - +0 leather armour
rPois   .          Reflect  .   c - +0 helmet
rElec   .          Harm     .   (no cloak)
rCorr   .          Rampage  .   (no gloves)
Will    .....                   (no boots)
Stlth   +.........              (no amulet)
HPRegen 0.12/turn               j - +6 ring of intelligence
MPRegen 0.09/turn               (no ring)

@: no status effects
A: (nimble swimmer 2), mertail
a: no special abilities


You were on level 4 of the Dungeon.
You visited 1 branch of the dungeon, and saw 4 of its levels.

You collected 83 gold pieces.

Inventory:

Hand Weapons
 a - a +0 trident (weapon)
 b - a +3 hunting sling
 g - a +0 hunting sling
Missiles
 f - 35 stones (quivered)
 n - 22 sling bullets
Armour
 c - a +0 helmet (worn)
 h - a +0 leather armour (worn)
Jewellery
 j - a +6 ring of intelligence (left hand)
Scrolls
 k - a scroll of magic mapping {unknown}
 l - a scroll of silence {unknown}
 m - a scroll of noise {unknown}
Potions
 e - 2 potions of haste {unknown}
 i - 2 potions of curing {unknown}
 o - a potion of flight {unknown}


   Skills:
 - Level 2.1 Fighting
 + Level 6.7 Polearms
 + Level 3.9 Throwing
 - Level 4.0 Dodging


You had 4 spell levels left.
You didn't know any spells.
Your spell library was empty.

Dungeon Overview and Level Annotations

Branches:
Dungeon (4/15)             Temple (0/1) D:4

Altars:

Annotations:
D:3 1 runed translucent door, Crazy Yiuf, Edmund
D:4 Menkaure


Innate Abilities, Weirdness & Mutations

((You are very nimble when in or above water. (Stealth+, EV+, Speed+++)))
Your lower body shifts to a powerful aquatic tail in water.


Message History

Aim: Menkaure (75% to hit)
You throw a throwing net. The throwing net hits Menkaure.
Menkaure is caught in the net!
Menkaure struggles against the net.
Menkaure struggles against the net.
Menkaure casts a spell.
Menkaure seems to speed up.
Menkaure struggles against the net.
You reach to attack!
You puncture Menkaure!
Menkaure is moderately damaged.
You reach to attack!
You hit Menkaure.
Menkaure is heavily damaged.
Menkaure struggles against the net.
You reach to attack!
You hit Menkaure.
Menkaure is severely damaged.
Menkaure struggles against the net.
The net rips apart, and Menkaure comes free!
You reach to attack!
You barely miss Menkaure.
Menkaure is severely damaged.
You hit Menkaure.
Menkaure is severely damaged.
Menkaure completely misses you.
You barely miss Menkaure.
Menkaure is severely damaged.
Menkaure misses you.
Menkaure calls on the powers of darkness!
Your body is wracked with pain!
You hit Menkaure but do no damage.
Menkaure is severely damaged.
Menkaure barely misses you.
You hit Menkaure.
Menkaure is severely damaged.
Menkaure hits you.
You are too injured to fight recklessly!
You are too injured to fight recklessly!
You are too injured to fight recklessly!
You are too injured to fight recklessly!
You hit Menkaure.
Menkaure is almost destroyed.
Menkaure hits you!!
You die...

.....
#...#...#######.....#
#...
##.###...............
#.. #.#
#########....... #.
#.# ####.... < #.##
##... #..###### #....
#.#.....########....
#.#M>....#..##....##
##.@.#...........###
##..>#######...##
#<.## #..## ##.# #.##
### ##..# #...#
##..## ##.###
##########.##


You could see Menkaure (fast).

Vanquished Creatures
  Natasha (twice) (D:3)
  2 adders (D:2)
  A worm (D:3)
  4 dart slugs
  9 ball pythons
  6 endoplasms
  A goblin (D:3)
  7 hobgoblins
  6 jackals (D:1)
  6 kobolds
  A quokka (D:3)
  5 bats
  6 frilled lizards
  5 rats
61 creatures vanquished.

Notes
Turn   | Place    | Note
-------+----------+-------------------------------------------
     0 | D:1      | mcbry74 the Merfolk Gladiator began the quest for the Orb.
     0 | D:1      | Reached XP level 1. HP: 16/16 MP: 1/1
   151 | D:1      | Reached XP level 2. HP: 22/22 MP: 2/2
   219 | D:1      | Reached skill level 5 in Polearms
   353 | D:1      | Reached XP level 3. HP: 26/27 MP: 3/3
  1323 | D:2      | Reached XP level 4. HP: 30/33 MP: 4/4
  1514 | D:2      | Found a faded altar of an unknown god.
  1529 | D:2      | Reached skill level 6 in Polearms
  2266 | D:3      | Found a runed translucent door.
  2267 | D:3      | Noticed Crazy Yiuf
  2479 | D:3      | Noticed Natasha
  2488 | D:3      | Killed Natasha
  2489 | D:3      | Reached XP level 5. HP: 27/38 MP: 5/5
  2754 | D:3      | Noticed Natasha
  2761 | D:3      | Killed Natasha
  2902 | D:4      | Noticed Edmund
  3144 | D:4      | Found a staircase to the Ecumenical Temple.
  3241 | D:4      | Noticed Menkaure
  3402 | D:4      | Slain by Menkaure

Illustrated notes

Levels and vault maps discovered:
D:1:      dpeg_arrival_erosion, layout_basic
D:2:      layout_basic, dreamdust_ecumenical_altar_statues
D:3:      layout_loops_ring, uniq_natasha, uniq_crazy_yiuf_cottage
D:4:      layout_layer_cave, ashenzari_altar_1, temple_doors_e, serial_shops,
          nicolae_shop_statue_plus, uniq_pikel, uniq_edmund, uniq_menkaure

Skill      XL: |  1  2  3  4 |
---------------+-------------+-----
Polearms       | 5 6 |  6.7
Throwing       | 3 |  3.9
Fighting       | |  2.1
Dodging        | |  4.0

Action                   |  1- 3 |  4- 6 || total
-------------------------+-------+-------++-------
Melee: Trident           |    75 |    55 ||   130
       Punch             |     1 |     1 ||     2
 Fire: Hunting sling     |     5 |    17 ||    22
Throw: Stone             |    73 |    21 ||    94
       Throwing net      |     2 |     4 ||     6
 Stab: Sleeping          |     1 |       ||     1
Armor: Leather armour    |    21 |       ||    21
Dodge: Dodged            |    38 |    16 ||    54
